 Dungeon Crawl Stone Soup version 0.28-a0-586-gbdb9d174a4 (webtiles) character file.

Game seed: 17254314801256260692

7100 KristoblXynda the Carver (level 10, -2/91 HPs)
             Began as a Purple Draconian Gladiator on Oct 3, 2021.
             Was a Believer of Yredelemnul.
             Slain by an acid dragon (8 damage)
             ... on level 11 of the Dungeon.
             The game lasted 00:17:39 (15912 turns).

KristoblXynda the Carver (DrGl)                    Turns: 15912, Time: 00:17:39

Health: -2/91      AC:  9    Str: 19    XL:     10   Next: 84%
Magic:  10/10      EV: 14    Int: 10    God:    Yredelemnul [**....]
Gold:   323        SH:  4    Dex: 12    Spells: 8/9 levels left

rFire   . . .      SeeInvis +   a - +1 long sword
rCold   . . .      Faith    .   A - +0 buckler
rNeg    . . .      Spirit   .   (armour unavailable)
rPois   .          Reflect  .   b - +1 hat
rElec   .          Harm     .   (no cloak)
rCorr   .          Rampage  .   i - +0 pair of gloves
Will    +....                   (no boots)
Stlth   +.........              (no amulet)
HPRegen 0.25/turn               m - ring of see invisible
MPRegen 0.12/turn               (no ring)

@: short of breath, studying Summonings
A: breathe power, AC +7, unfitting armour, cold-blooded
a: Breathe Dispelling Energy, Renounce Religion, Animate Remains, Recall Undead
Slaves, Injury Mirror


You were on level 11 of the Dungeon.
You worshipped Yredelemnul.
Yredelemnul was pleased with you.
You visited 2 branches of the dungeon, and saw 12 of its levels.

You collected 488 gold pieces.
You spent 165 gold pieces at shops.

Inventory:

Hand Weapons
 a - a +1 long sword (weapon)
Missiles
 c - 6 throwing nets (quivered)
Armour
 b - a +1 hat (worn)
 i - a +0 pair of gloves (worn)
 A - a +0 buckler (worn)
Jewellery
 d - a ring of flight
 m - a ring of see invisible (left hand)
 y - a ring of protection from cold
Wands
 j - a wand of digging (4)
 t - a wand of iceblast (17)
 u - a wand of acid (1)
Scrolls
 e - 2 scrolls of amnesia
 f - 2 scrolls of magic mapping
 h - a scroll of teleportation
 k - 3 scrolls of enchant weapon
 p - 3 scrolls of immolation
 q - a scroll of blinking
 z - a scroll of enchant armour
Potions
 l - 2 potions of haste
 n - a potion of lignification {unknown}
 o - a potion of flight
 r - 4 potions of curing
 s - a potion of might {unknown}
 v - a potion of resistance {unknown}
 w - 2 potions of brilliance {unknown}
 x - a potion of cancellation {unknown}
 B - a potion of berserk rage {unknown}


   Skills:
 + Level 9.1 Fighting
 + Level 10.8 Long Blades
 - Level 2.0 Throwing
 + Level 7.9 Dodging
 + Level 2.2 Shields
 - Level 4.6 Summonings
 + Level 0.0 Invocations
 - Level 5.2 Evocations


You had 8 spell levels left.
You knew the following spells:

 Your Spells              Type           Power      Damage    Failure   Level
a - Magic Dart            Conj           0%         1d3       43%         1

Your spell library contained the following spells:

 Spells                   Type           Power      Damage    Failure   Level
 Passwall                 Tmut/Erth      0%         N/A       56%         2
 Searing Ray              Conj           0%         2d4       56%         2
 Swiftness                Air            0%         N/A       80%         3
 Fulminant Prism          Conj/Hex       0%         3d6       99%         4
 Invisibility             Hex            0%         N/A       100%        6


Dungeon Overview and Level Annotations

Branches:
Dungeon (11/15)            Temple (1/1) D:4            Lair (0/6) D:10
    Orc (0/2) D:9

Altars:
Ashenzari
Cheibriados
Dithmenos
Elyvilon
Fedhas
Gozag
Hepliaklqana
Kikubaaqudgha
Makhleb
Nemelex Xobeh
Okawaru
Qazlal
Ru
Sif Muna
Trog
Uskayaw
Vehumet
Wu Jian
Xom
Yredelemnul
Zin
The Shining One

Shops:
D:1 :   D:4 =


Innate Abilities, Weirdness & Mutations

You can breathe bolts of dispelling energy.
Your rich purple scales are hard. (AC +7)
You cannot fit into any form of body armour.
You are cold-blooded and may be slowed by cold attacks.


Message History

You feel much better. The manticore barely misses you.
The manticore completely misses you. The manticore misses you.
The acid dragon spits acid at you. The splash of acid hits you!
* * * LOW HITPOINT WARNING * * *
Unknown command.
Okay, then.
Aiming: Corrosive Bolt
Press: ? - help, Shift-Dir - straight line, f/p - manticore
Aim: a manticore (severely wounded, 84% to hit)
The bolt of acid hits the manticore!
The acid corrodes the manticore!
The manticore is almost dead.
You carefully extract the barbed spikes from your body.
The acid dragon barely misses you. The acid dragon closely misses you.
The manticore barely misses you. The manticore claws you.
* * * LOW HITPOINT WARNING * * *
The manticore closely misses you.
Unknown command.
You hit the manticore.
The manticore is almost dead.
The manticore bites you!
* * * LOW HITPOINT WARNING * * *
The manticore barely misses you. The manticore misses you.
The acid dragon bites you.
* * * LOW HITPOINT WARNING * * *
The acid dragon misses you.
Unknown command.
Unknown command.
Unknown command.
Unknown command.
Aiming: Corrosive Bolt
Press: ? - help, Shift-Dir - straight line, f/p - manticore
Aim: a manticore (almost dead, covered in acid, 84% to hit)
The bolt of acid hits the manticore!!
The manticore seems to be corroded for longer.
You kill the manticore!
Yredelemnul accepts your kill. The acid dragon bites you!
You die...
Your body rises from the dead as a mindless zombie.

......# ......# ...###
......+ ..... ......#
.... #..# ...#
###..#### ##...####
#.......#.....#........
#<......#.... #D†......
####'####...# #@#
#...##...###'##
#....#....#.>.#
#....#....#...+
#..###..# #..## #
#####[###..###..####...
#......................
#......................
#######################


You could see an acid dragon.

Vanquished Creatures
  Harold (D:11)
  A two-headed ogre (D:8)
  A manticore (D:11)
  A centaur zombie (D:11)
  A hornet (D:5)
  A meliai zombie (D:11)
  A wraith (D:11)
  12 yaks (D:9)
  A steam dragon (D:7)
  3 acid dragons
  2 water moccasins (D:7)
  A hornet zombie (D:8)
  A black bear (D:8)
  A swamp drake (D:9)
  3 sky beasts
  An ice beast (D:5)
  3 orc warriors
  An ogre (D:5)
  A centaur (D:9)
  A wyvern zombie (D:8)
  2 bullfrogs
  2 gnoll sergeants
  A wyvern skeleton (D:7)
  A water moccasin skeleton (D:5)
  An electric eel (D:8)
  2 howler monkeys (D:8)
  A bullfrog zombie (D:6)
  2 centaur skeletons
  2 hounds (D:5)
  A bullfrog skeleton (D:5)
  4 orc priests
  A gnoll shaman (D:7)
  Natasha (thrice) (D:4)
  An iguana (D:6)
  Ijyb (D:4)
  9 orc wizards
  2 hound skeletons
  10 gnolls
  5 adders
  4 white imps
  3 adder skeletons (D:4)
  5 dart slugs
  2 worms (D:3)
  27 orcs
  6 ball pythons
  7 bats
  12 endoplasms
  2 giant cockroaches
  5 goblins
  10 hobgoblins
  7 kobolds
  3 quokkas
  4 frilled lizards
  2 rats
188 creatures vanquished.

Vanquished Creatures (others)
  4 fungi (D:8)
4 creatures vanquished.

Grand Total: 192 creatures vanquished

Notes
Turn   | Place    | Note
-------+----------+-------------------------------------------
     0 | D:1      | KristoblXynda the Draconian Gladiator began the quest for
                  | the Orb.
     0 | D:1      | Reached XP level 1. HP: 17/17 MP: 1/1
   262 | D:1      | Reached XP level 2. HP: 18/25 MP: 2/2
   414 | D:1      | Found Cemerher's Book Boutique.
  1110 | D:2      | Reached XP level 3. HP: 30/30 MP: 3/3
  2053 | D:2      | Found a faded altar of an unknown god.
  2233 | D:3      | Reached XP level 4. HP: 30/38 MP: 4/4
  2315 | D:3      | Reached skill level 4 in Long Blades
  3760 | D:4      | Reached skill level 1 in Evocations
  3850 | D:4      | Reached XP level 5. HP: 40/45 MP: 5/5
  3922 | D:4      | Noticed Ijyb
  3929 | D:4      | Killed Ijyb
  4271 | D:4      | Noticed Natasha
  4295 | D:4      | Killed Natasha
  4598 | D:4      | Found a bloodstained altar of Trog.
  4875 | D:4      | Noticed Natasha
  4885 | D:4      | Killed Natasha
  4953 | D:4      | Noticed Natasha
  4958 | D:4      | Killed Natasha
  4982 | D:4      | Found Itsaej's Jewellery Boutique.
  5051 | D:4      | Found a staircase to the Ecumenical Temple.
  5060 | Temple   | Entered the Ecumenical Temple
  5100 | Temple   | Became a worshipper of Yredelemnul the Dark
  5397 | D:5      | Entered Level 5 of the Dungeon
  5515 | D:5      | Reached XP level 6. HP: 47/52 MP: 6/6
  5833 | D:5      | Reached skill level 5 in Long Blades
  6248 | D:5      | Noticed a hornet
  6270 | D:5      | Noticed an ice beast
  6290 | D:5      | Killed an ice beast
  6291 | D:5      | Your scales start taking on a rich purple colour.
  6291 | D:5      | Reached XP level 7. HP: 51/60 MP: 7/7
  6356 | D:5      | Killed a hornet
  6739 | D:5      | Reached skill level 6 in Long Blades
  6863 | D:5      | Reached skill level 5 in Fighting
  7158 | D:4      | Bought a ring of see invisible for 165 gold pieces
  7544 | D:6      | Reached skill level 5 in Dodging
  7544 | D:6      | Reached XP level 8. HP: 29/69 MP: 8/8
  7903 | D:6      | Reached skill level 7 in Long Blades
  8105 | D:6      | Learned a level 1 spell: Magic Dart
  8976 | D:7      | Reached skill level 8 in Long Blades
  9977 | D:7      | Reached skill level 1 in Summonings
 10172 | D:7      | Reached XP level 9. HP: 71/78 MP: 9/9
 10306 | D:7      | Reached * piety under Yredelemnul
 11211 | D:8      | Noticed a two-headed ogre
 11237 | D:8      | Killed a two-headed ogre
 11238 | D:8      | Reached skill level 9 in Long Blades
 13428 | D:9      | Reached skill level 10 in Long Blades
 13428 | D:9      | Reached XP level 10. HP: 40/88 MP: 10/10
 13788 | D:9      | Reached ** piety under Yredelemnul
 14450 | D:9      | Found a staircase to the Orcish Mines.
 15070 | D:10     | Entered Level 10 of the Dungeon
 15252 | D:10     | Noticed a death yak
 15253 | D:10     | Found a staircase to the Lair.
 15256 | D:10     | Noticed a death yak
 15574 | D:11     | Noticed Harold
 15581 | D:11     | Reached skill level 1 in Shields
 15597 | D:11     | Killed Harold
 15598 | D:11     | Reached skill level 5 in Evocations
 15895 | D:11     | Noticed a manticore
 15912 | D:11     | Killed a manticore
 15912 | D:11     | Slain by an acid dragon

Illustrated notes

Levels and vault maps discovered:
D:1:      onia_arrival_mini_spirals, layout_loops_cross, serial_shops,
          shop_statue, chequers_serial_rivers_micro_c
D:2:      layout_loops_ring, ebering_ecumenical_altar_hall,
          grunt_decor_resistance
D:3:      layout_basic
D:4:      layout_basic, mainiacjoe_overflow_alcove_4, temple_hall, serial_shops,
          shop, kennysheep_generic_room_12, uniq_natasha, uniq_ijyb
D:5:      layout_basic, minmay_hedge_maze
D:6:      layout_basic, serial_glass, glass_columns_a, glass_columns_a,
          minivault_14, serial_bayou_pond_d
D:7:      layout_basic, minmay_manual_monolith
D:8:      layout_loops_cross, fungi_pond_lemuel
D:9:      layout_basic, erik_orc_1
D:10:     layout_grid_maze, dpeg_lair_monsters
D:11:     layout_gridville, uniq_maurice, uniq_gastronok, uniq_harold
Temple:   nicolae_temple_the_god_donut

Skill      XL: |  1  2  3  4  5  6  7  8  9 10 |
---------------+-------------------------------+-----
Throwing       | 2 |  2.0
Dodging        | 3 4 5 6 7 |  7.9
Fighting       | 3 4 5 6 7 9 |  9.1
Long Blades    | 4 5 6 8 10 | 10.8
Evocations     | 1 2 3 5 |  5.2
Summonings     | 1 4 |  4.6
Shields        | 2 |  2.2

Action                   |  1- 3 |  4- 6 |  7- 9 | 10-12 || total
-------------------------+-------+-------+-------+-------++-------
Melee: Long sword        |   103 |   182 |   285 |   148 ||   718
       Tailslap          |    11 |    24 |    46 |    26 ||   107
       Unarmed           |       |       |     3 |       ||     3
Throw: Throwing net      |       |     1 |     1 |       ||     2
 Cast: Magic Dart        |       |       |     2 |       ||     2
 Abil: Breathe Dispellin |       |       |     6 |     7 ||    13
Evoke: Wand              |       |       |    19 |     6 ||    25
  Use: Scroll            |       |     4 |    12 |     1 ||    17
       Potion            |       |     1 |     2 |     2 ||     5
 Stab: Sleeping          |     5 |     2 |       |       ||     7
       Paralysed         |       |       |    28 |       ||    28
       Held in net/web   |       |       |     1 |       ||     1
Armor: Skin              |    29 |    71 |    90 |    45 ||   235
Dodge: Dodged            |    78 |   121 |   168 |   101 ||   468
Block: Buckler           |       |       |       |     9 ||     9

Table legend: (Time is in decaauts)
 A = Elapsed time spent in this place.
 B = Non-inter-level travel time spent in this place.
 C = Inter-level travel time spent in this place.
 D = Time resting spent in this place.
 E = Time spent auto-exploring this place.
 F = Levels seen in this place.
 G = Mean time per level.
                   A        B        C        D        E       F      G
               +--------+--------+--------+--------+--------+-----+--------+
         Total |  15972 |  15553 |    419 |   6770 |   6664 |  12 | 1331.0 |
       Dungeon |  15665 |  15262 |    403 |   6770 |   6416 |  11 | 1424.1 |
        Temple |    306 |    290 |     16 |      0 |    248 |   1 |  306.0 |
               +--------+--------+--------+--------+--------+-----+--------+

Top non-repeatable levels by time:
     D:9: 2533 daAuts
     D:7: 2266 daAuts
     D:5: 1776 daAuts
     D:8: 1635 daAuts
     D:4: 1535 daAuts
     D:3: 1494 daAuts
     D:6: 1361 daAuts
     D:1: 1111 daAuts
     D:2: 1098 daAuts
    D:10: 493 daAuts
    D:11: 359 daAuts
  Temple: 306 daAuts
